 Dungeon Crawl Stone Soup version 0.31-a0-229-g1fc7ce93e2 (webtiles) character file.

Game seed: 222744213350428118

124 qw the Shooter (level 4, -3/37 HPs)
             Began as a Minotaur Hexslinger on July 6, 2023.
             Slain by a goblin
             ... wielding a +0 club
             ... led by Robin
              (5 damage)
             ... on level 4 of the Dungeon.
             The game lasted 00:01:02 (2655 turns).

qw the Shooter (Minotaur Hexslinger)                Turns: 2655, Time: 00:01:02

Health: -3/37      AC:  5    Str: 12 (13) XL:     4   Next: 81%
Magic:  4/4        EV: 10    Int: 10      God:
Gold:   132        SH:  0    Dex: 13 (14) Spells: 4/5 levels left

rFire   . . .        Y - +4 sling
rCold   . . .        (no shield)
rNeg    . . .        a - +0 ring mail
rPois   .            (helmet restricted)
rElec   .            (no cloak)
rCorr   .            (no gloves)
SInv    .            (no boots)
Will    .....        (no amulet)
Stlth   +            (no ring)
HPRegen 0.26/turn    (no ring)
MPRegen 0.09/turn

%: no passive effects
@: no status effects
A: horns 2, retaliatory headbutt
a: no special abilities


You were on level 4 of the Dungeon.
You visited 1 branch of the dungeon, and saw 4 of its levels.

You collected 132 gold pieces.


Innate Abilities, Weirdness & Mutations

You have a pair of horns on your head.
You reflexively headbutt those who attack you in melee.


   Skills:
 + Level 2.6 Fighting
 - Level 5.0 Ranged Weapons
 - Level 1.0 Armour
 - Level 2.1 Dodging
 - Level 1.0 Spellcasting
 - Level 2.0 Hexes


You had 4 spell levels left.
You knew the following spells:

 Your Spells              Type           Power      Damage    Failure   Level
a - Slow                  Hex            16%        N/A       34%         1

Your spell library contained the following spells:

 Spells                   Type           Power      Damage    Failure   Level
 Inner Flame              Hex/Fire       2%         N/A       83%         3
 Portal Projectile        Hex/Tloc       4%         N/A       83%         3
 Cause Fear               Hex            2%         N/A       98%         4

Inventory:

Hand Weapons
 Y - a +4 sling (weapon)
Armour
 a - a +0 ring mail (worn)
 b - a +1 leather armour of cold resistance
 e - a +0 pair of gloves
Scrolls
 c - a scroll of fear {unknown}
 d - 3 scrolls of identify
Potions
 f - a potion of might {unknown}
 g - 2 potions of curing {unknown}
 i - a potion of berserk rage {unknown}
 j - a potion of mutation {unknown}
 m - a potion of resistance {unknown}

Dungeon Overview and Level Annotations

Branches:
Dungeon (4/15)
 Temple: D:4-7

Altars:

Annotations:
D:4 Robin


Message History

You shoot a sling bullet.
The sling bullet closely misses the goblin.
The goblin hits you with a +0 club. The hobgoblin closely misses you.
You shoot a sling bullet.
The sling bullet closely misses the goblin.
Robin zaps a wand.
Some rock shatters into small pieces.
The now-empty wand crumbles to dust.
The goblin hits you but does no damage. The hobgoblin misses you.
Enter note:
Enter note:
Enter note:
Enter note:
Enter note:
Enter note: You shoot a sling bullet.
The sling bullet closely misses the goblin.
The hobgoblin barely misses you. The goblin hits you but does no damage.
You shoot a sling bullet.
The sling bullet barely misses the goblin.
The goblin hits you with a +0 club. The hobgoblin closely misses you.
Robin hits you with a +0 club.
The hobgoblin hits you but does no damage.
The goblin hits you with a +0 club.
You shoot a sling bullet. The sling bullet hits the goblin.
You kill the goblin!
Robin throws the goblin at you!
The hobgoblin hits you but does no damage.
The goblin closely misses you.
You shoot a sling bullet. The sling bullet hits Robin!
Robin is moderately wounded.
Robin hits you but does no damage.
The hobgoblin hits you but does no damage.
The goblin hits you with a +0 club.
You shoot a sling bullet. The sling bullet hits Robin.
Robin is severely wounded.
Robin barely misses you. The hobgoblin hits you. The goblin barely misses you.
You shoot a sling bullet. The sling bullet barely misses Robin.
Robin barely misses you. The hobgoblin closely misses you.
The goblin hits you with a +0 club.
You die...

#.# #.#
#.# #.#
####.##
#...#.#
#.##.##
#g#### #@#
#gg#
gggg.)))##
#####....
.....
#.##### ##


You could see Robin, a hobgoblin (strong) and a goblin (strong).

Vanquished Creatures
  Ijyb (D:4)
  An adder (D:2)
  2 dart slugs
  An orc (D:3)
  3 ball pythons
  5 endoplasms
  22 goblins
  4 hobgoblins
  7 jackals
  11 kobolds
  7 bats
  3 frilled lizards
  10 rats
77 creatures vanquished.

Notes
Turn   | Place    | Note
-------+----------+-------------------------------------------
     0 | D:1      | qw the Minotaur Hexslinger began the quest for the Orb.
     0 | D:1      | Reached XP level 1. HP: 16/16 MP: 1/1
     0 | D:1      | 0 ||| qw: Version: 0.3-a-46-gb1f654a
     0 | D:1      | 0 ||| qw: Game counter: 1539
     0 | D:1      | 0 ||| qw: Melee chars always use a shield: true
     0 | D:1      | 0 ||| qw: God list: Okawaru
     0 | D:1      | 0 ||| qw: Allow faded altars: false
     0 | D:1      | 0 ||| qw: Do Orc after clearing Dungeon:15 true
     0 | D:1      | 0 ||| qw: Do second Lair branch before Depths: true
     0 | D:1      | 0 ||| qw: Lair rune preference: random
     0 | D:1      | 0 ||| qw: Goals: Normal
     0 | D:1      | 0 ||| PLANNING D:1-11
   200 | D:1      | Reached skill level 3 in Ranged Weapons
   208 | D:1      | Reached XP level 2. HP: 23/23 MP: 2/2
   649 | D:1      | Found a faded altar of an unknown god.
   787 | D:1      | 787 ||| READING 2 scrolls labelled TUASYKLOANK.
   788 | D:1      | 788 ||| READING scroll labelled PUONTOMAIS.
   789 | D:1      | 789 ||| READING scroll labelled YCOOCVA ICKAX.
   792 | D:1      | 792 ||| DROPPING scroll of amnesia.
   793 | D:1      | 793 ||| DROPPING scroll of poison.
  1071 | D:2      | Reached XP level 3. HP: 29/29 MP: 3/3
  1168 | D:2      | 1168 ||| FLEEEEING.
  1180 | D:2      | Reached skill level 4 in Ranged Weapons
  1340 | D:2      | 1340 ||| UPGRADING to +0 ring mail.
  1350 | D:2      | 1350 ||| DROPPING +0 robe.
  1351 | D:2      | 1351 ||| DROPPING ring of magical power.
  1352 | D:2      | 1352 ||| READING scroll labelled MAICLE SIHIGY.
  1353 | D:2      | 1353 ||| READING scroll labelled NAIMIC AFENI.
  1354 | D:2      | 1354 ||| DRINKING 2 sedimented orange potions.
  1355 | D:2      | 1355 ||| DRINKING 2 bubbling dark potions.
  1356 | D:2      | 1356 ||| DRINKING 3 bubbling purple potions.
  1357 | D:2      | 1357 ||| DROPPING potion of magic.
  1358 | D:2      | 1358 ||| DROPPING potion of brilliance.
  1359 | D:2      | 1359 ||| DROPPING 2 potions of degeneration.
  1423 | D:3      | 1423 ||| FLEEEEING.
  1424 | D:3      | 1424 ||| FLEEEEING.
  1425 | D:3      | 1425 ||| FLEEEEING.
  1426 | D:3      | 1426 ||| FLEEEEING.
  1427 | D:3      | 1427 ||| FLEEEEING.
  1428 | D:3      | 1428 ||| FLEEEEING.
  1429 | D:3      | 1429 ||| FLEEEEING.
  1430 | D:3      | 1430 ||| FLEEEEING.
  1431 | D:3      | 1431 ||| FLEEEEING.
  1432 | D:3      | 1432 ||| FLEEEEING.
  1433 | D:3      | 1433 ||| FLEEEEING.
  1434 | D:3      | 1434 ||| FLEEEEING.
  1435 | D:3      | 1435 ||| FLEEEEING.
  1436 | D:3      | 1436 ||| FLEEEEING.
  1437 | D:3      | 1437 ||| FLEEEEING.
  1438 | D:3      | 1438 ||| FLEEEEING.
  1439 | D:3      | 1439 ||| FLEEEEING.
  1440 | D:3      | 1440 ||| FLEEEEING.
  1441 | D:3      | 1441 ||| FLEEEEING.
  1442 | D:3      | 1442 ||| FLEEEEING.
  1443 | D:3      | 1443 ||| STAIRDANCE
  1545 | D:3      | Reached skill level 1 in Armour
  1823 | D:3      | HP: 7/29 [orc/+0 flail (3)]
  1824 | D:3      | 1824 ||| READING scroll of teleportation.
  1825 | D:3      | 1825 ||| DRINKING potion of heal wounds.
  2003 | D:3      | 2003 ||| READING scroll labelled LEIHAOF JO GIT.
  2024 | D:4      | 2024 ||| READING scroll of enchant weapon.
  2024 | D:4      | 2024 ||| ENCHANTING +2 sling.
  2112 | D:4      | Reached XP level 4. HP: 36/36 MP: 4/4
  2197 | D:4      | Noticed Ijyb
  2213 | D:4      | Killed Ijyb
  2328 | D:4      | 2328 ||| READING scroll of enchant weapon.
  2328 | D:4      | 2328 ||| ENCHANTING +3 sling.
  2425 | D:4      | Reached skill level 5 in Ranged Weapons
  2631 | D:4      | Noticed Robin
  2634 | D:4      | 2634 ||| Stepping ~*~*~tactically~*~*~ (outnumbered).
  2651 | D:4      | HP: 5/37 [goblin/+0 club[Robin] (5)]
  2654 | D:4      | HP: 2/37 [hobgoblin[Robin] (3)]
  2655 | D:4      | Slain by a goblin

Levels and vault maps discovered:
D:1:      psy_arrival_basics, layout_basic,
          shapermc_ecumenical_altar_hornbeckon, grunt_decor_fettered,
          minmay_misc_feat_room
D:2:      layout_basic
D:3:      layout_loops_ring
D:4:      kennysheep_goblin_castle, layout_loops_cross, uniq_robin

Skill      XL: |  1  2  3  4 |
---------------+-------------+-----
Ranged Weapons | 3 4 5 |  5.0
Fighting       | 2 |  2.6
Armour         | 1 |  1.0
Dodging        | |  2.1
Spellcasting   | |  1.0
Hexes          | |  2.0

Action                     |  1- 3 |  4- 6 || total
---------------------------+-------+-------++-------
   Fire: Sling             |   145 |    67 ||   212
    Use: Scroll            |     8 |     1 ||     9
         Potion            |     4 |       ||     4
 Armour: Robe              |     5 |       ||     5
         Ring mail         |    20 |    27 ||    47
  Dodge: Dodged            |    45 |    35 ||    80

Table legend:
 A = Non-vault XP
 B = Vault XP
 C = Vault XP percentage of total XP
 D = Non-vault monster count
 E = Vault monster count
 F = Vault count percentage of total count
                 A         B        C        D         E       F
            +---------+---------+-------+---------+---------+-------
      Total |     101 |      77 |  43.3 |      55 |      22 |  28.6
            +---------+---------+-------+---------+---------+-------
        D:1 |      27 |       0 |   0.0 |      17 |       0 |   0.0
        D:2 |      41 |       0 |   0.0 |      19 |       0 |   0.0
        D:3 |      25 |       0 |   0.0 |      16 |       0 |   0.0
        D:4 |       8 |      77 |  90.6 |       3 |      22 |  88.0
            +---------+---------+-------+---------+---------+-------
